 Dungeon Crawl Stone Soup version 0.29.1-1-gd02db6906a (webtiles) character file.

Game seed: 10222399955750269024

412 Hadkhar the Sneak (level 6, 0/32 HPs)
             Began as a Spriggan Brigand on Sept 17, 2022.
             Slain by Pikel
             ... wielding a +0 whip of electrocution
              (16 damage)
             ... on level 4 of the Dungeon.
             The game lasted 00:46:33 (4259 turns).

Hadkhar the Sneak (Spriggan Brigand)                Turns: 4259, Time: 00:46:34

Health: 0/32       AC:  4    Str:  7    XL:     6   Next: 59%
Magic:  7/7        EV: 19    Int: 13    God:
Gold:   207        SH:  0    Dex: 18    Spells: 5/5 levels left

rFire   . . .      SeeInvis +   s - +1 dagger (venom)
rCold   . . .      Faith    .   (no shield)
rNeg    . . .      Spirit   .   b - +0 robe
rPois   .          Reflect  .   (helmet restricted)
rElec   .          Harm     .   c - +1 cloak
rCorr   .          Rampage  .   (gloves unavailable)
Will    +....                   (boots unavailable)
Stlth   ++++......              (no amulet)
HPRegen 0.10/turn               (no ring)
MPRegen 0.10/turn               (no ring)

@: very quick
A: very small, no large weapons, unfitting armour, see invisible, speed 3
a: no special abilities


You were on level 4 of the Dungeon.
You visited 1 branch of the dungeon, and saw 4 of its levels.

You collected 207 gold pieces.

Inventory:

Hand Weapons
 a - a +2 dagger
 s - a +1 dagger of venom (weapon)
Missiles
 d - 19 poisoned darts (quivered)
 e - 3 curare-tipped darts
Armour
 b - a +0 robe (worn)
 c - a +1 cloak (worn)
Jewellery
 q - an amulet of faith
Scrolls
 i - a scroll of acquirement {unknown}
 n - 2 scrolls of vulnerability {unknown}
 o - a scroll of enchant weapon {unknown}
 r - 2 scrolls of teleportation {unknown}
 t - a scroll of poison {unknown}
 v - a scroll of amnesia {unknown}
Potions
 f - a potion of mutation
 g - a potion of invisibility
 h - 2 potions of brilliance {unknown}
 j - a potion of magic
 l - a potion of flight
 p - a potion of resistance {unknown}
 u - a potion of curing
 w - a potion of haste {unknown}


   Skills:
 + Level 3.0 Fighting
 + Level 3.9 Short Blades
 + Level 3.5 Throwing
 + Level 4.1 Dodging
 + Level 7.6 Stealth


You had 5 spell levels left.
You didn't know any spells.
Your spell library contained the following spells:

 Spells                   Type           Power      Damage    Failure   Level
 Anguish                  Hex/Necr       0%         N/A       97%         4
 Enfeeble                 Hex            0%         N/A       100%        7


Dungeon Overview and Level Annotations

Branches:
Dungeon (4/15)
 Temple: D:4-7

Altars:

Annotations:
D:4 Pikel


Innate Abilities, Weirdness & Mutations

You are very small and have problems with some larger weapons.
You are too small for most types of armour.
You have supernaturally acute eyesight. (SInv)
You cover ground extremely quickly. (Speed+++)


Message History

The lemure hits you.
You miss the lemure.
The lemure is lightly wounded.
The lemure misses you.
You hit the lemure.
The lemure is moderately wounded.
Press: ? - help, v - describe, . - travel A rock wall.
Pikel waves his whip at you.
You hit Pikel.
Pikel is lightly wounded.
Pikel barely misses you. The lemure hits you.
You hit Pikel.
Pikel is poisoned.
Pikel is lightly wounded.
You hit Pikel but do no damage.
Pikel looks as sick as possible!
Pikel is lightly wounded.
Pikel closely misses you. The lemure misses you. The lemure barely misses you.
You closely miss Pikel.
Pikel is lightly wounded.
Pikel hits you with a +0 whip of electrocution.
The lemure hits you but does no damage. The lemure completely misses you.
You hit Pikel.
Pikel is moderately wounded.
Pikel completely misses you. The lemure misses you. The lemure hits you.
You hit Pikel but do no damage.
Pikel looks as sick as possible!
Pikel is moderately wounded.
The lemure looks more healthy.
Pikel hits you but does no damage. The lemure barely misses you.
The lemure misses you.
You barely miss Pikel.
Pikel is moderately wounded.
You closely miss Pikel.
Pikel is moderately wounded.
Pikel barely misses you. The lemure closely misses you.
The lemure hits you but does no damage.
You closely miss Pikel.
Pikel is heavily wounded.
Pikel hits you with a +0 whip of electrocution.
You are electrocuted!
Ouch! That really hurt!
You die...

### ### ##.# #.## ##.##
##.## ###.##
##.#####..## #### ######
#..##..###
.).####....### #.....##
..5K$>.......#####...###
...5(.#######55K@...##
....### ###55..(# #####
##...## ##..# #..## ####
##.## ##..## ##.##
##....## ##.##
##......#####.##


You could see Pikel (extremely poisoned) and 4 lemures.

Vanquished Creatures
  Sigmund (D:4)
  An ogre (D:4)
  3 gnolls (D:4)
  2 adders (D:2)
  3 worms
  6 dart slugs
  3 orcs
  7 ball pythons
  6 bats
  8 endoplasms
  3 giant cockroaches
  14 hobgoblins
  10 jackals (D:3)
  7 kobolds
  5 quokkas
  5 frilled lizards
  6 goblins
  8 rats
98 creatures vanquished.

Notes
Turn   | Place    | Note
-------+----------+-------------------------------------------
     0 | D:1      | Hadkhar the Spriggan Brigand began the quest for the Orb.
     0 | D:1      | Reached XP level 1. HP: 10/10 MP: 2/2
    97 | D:1      | Reached skill level 6 in Stealth
   130 | D:1      | Found a faded altar of an unknown god.
   143 | D:1      | Reached XP level 2. HP: 15/15 MP: 3/3
  1018 | D:1      | Reached XP level 3. HP: 16/18 MP: 4/4
  1865 | D:2      | Reached XP level 4. HP: 23/23 MP: 5/5
  3522 | D:4      | Reached XP level 5. HP: 23/27 MP: 6/6
  3597 | D:4      | Noticed an ogre
  3615 | D:4      | Killed an ogre
  3616 | D:4      | Reached skill level 7 in Stealth
  3658 | D:4      | Noticed Sigmund
  3707 | D:4      | Killed Sigmund
  3708 | D:4      | Reached XP level 6. HP: 23/32 MP: 7/7
  4216 | D:4      | Noticed Pikel
  4259 | D:4      | Slain by Pikel

Illustrated notes

Levels and vault maps discovered:
D:1:      mrwooster_arrival_statue, layout_loops_ring,
          ebering_ecumenical_altar_mist
D:2:      layout_loops_cross
D:3:      layout_loops_corners
D:4:      layout_layer_cave, uniq_sigmund, uniq_pikel

Skill      XL: |  1  2  3  4  5  6 |
---------------+-------------------+-----
Stealth        | 6 7 |  7.6
Dodging        | 2 3 4 |  4.1
Fighting       | 2 3 |  3.0
Short Blades   | 3 |  3.9
Throwing       | 3 |  3.5

Action                   |  1- 3 |  4- 6 || total
-------------------------+-------+-------++-------
Melee: Dagger            |    84 |   122 ||   206
Throw: Dart              |    20 |    51 ||    71
  Use: Scroll            |       |     8 ||     8
 Stab: Sleeping          |    20 |    12 ||    32
Armor: Robe              |     9 |    14 ||    23
Dodge: Dodged            |    32 |    86 ||   118
